AoeStats
← -Luxo-

Arabia

508275758Analyzed
3v3 RM · 12d ago on Sep 21, 2026· 45m 34s· 6 players
Game mode
Random Map
Map size
Normal (6 player)
Population
200
Speed
Normal
Resources
Standard
Victory
Conquest
Starting age
Dark Age
Ending age
Imperial Age
RankedLock teamsTeams togetherTeam positionsShared explorationLock speedFull tech treeHidden civsTurbo modeCheats
Victory
Defeat
🇵🇱 Malians · Poland
1028
+15
🇨🇿 Magyars · Czechia
1018
+15
🇬🇧 Khmer · United Kingdom
981
+17
🇩🇪 Mongols · Germany
1004
-16
🇩🇪 Teutons · Germany
1004
-16
🇩🇪 Huns · Germany
996
-15
siliboss
8:09 Feudal Age
8:20 Loom
9:52 Double-Bit Axe
15:14 Wheelbarrow
17:53 Castle Age
16:14 Fletching
16:44 Horse Collar
19:44 Bow Saw
26:24 Ballistics
26:10 Gold Mining
26:40 Heavy Plow
28:46 Hand Cart
28:20 Town Watch
29:15 Bloodlines
30:02 Bodkin Arrow
30:22 Padded Archer Armor
31:37 Gold Shaft Mining
36:26 Imperial Age
34:21 Leather Archer Armor
35:35 Town Patrol
35:44 Scale Barding Armor
35:44 Husbandry
37:18 Squires
36:38 Pikeman
Holzig
9:09 Feudal Age
8:28 Loom
8:35 Loom
10:21 Feudal Age
15:34 Castle Age
18:16 Horse Collar
19:44 Double-Bit Axe
23:45 Scale Barding Armor
23:44 Heavy Plow
25:27 Chain Barding Armor
25:18 Forging
25:41 Fletching
27:07 Wheelbarrow
26:49 Marauders
28:20 Husbandry
29:53 Bloodlines
29:11 Light Cavalry
31:06 Iron Casting
31:38 Pikeman
36:47 Imperial Age
34:49 Bodkin Arrow
36:20 Bow Saw
37:09 Squires
37:28 Halberdier
-Luxo-
10:11 Loom
13:53 Feudal Age
15:29 Wheelbarrow
14:55 Horse Collar
15:02 Double-Bit Axe
23:09 Castle Age
23:01 Stone Mining
23:04 Gold Mining
23:16 Fletching
24:00 Bow Saw
23:52 Heavy Plow
28:12 Hand Cart
27:43 Town Watch
32:17 Ironclad
36:48 Elite Skirmisher
39:48 Bodkin Arrow
39:55 Scale Mail Armor
40:05 Forging
39:57 Padded Archer Armor
41:51 Chain Mail Armor
44:24 Imperial Age
41:22 Pikeman
42:02 Squires
46:41 Imperial Age
Mugetsu
0:47 Loom
10:41 Feudal Age
11:06 Double-Bit Axe
11:46 Horse Collar
19:35 Castle Age
18:10 Bloodlines
18:43 Gold Mining
19:10 Scale Barding Armor
20:19 Heavy Plow
20:33 Bow Saw
20:33 Husbandry
21:04 Chain Barding Armor
21:11 Town Watch
22:01 Wheelbarrow
26:35 Forging
29:07 Hand Cart
31:08 Gold Shaft Mining
33:57 Imperial Age
32:54 Iron Casting
34:01 Cavalier
35:20 Plate Barding Armor
35:46 Blast Furnace
42:55 Fletching
44:58 Ballistics
45:39 Chemistry
46:31 Conscription
Deadshot
5:03 Loom
10:24 Feudal Age
11:47 Double-Bit Axe
16:21 Horse Collar
19:51 Castle Age
22:31 Wheelbarrow
25:47 Bloodlines
25:49 Husbandry
25:56 Heavy Plow
26:09 Bow Saw
27:48 Gold Mining
28:17 Stone Mining
30:34 Fletching
30:44 Padded Archer Armor
34:39 Imperial Age
33:02 Gold Shaft Mining
32:59 Ballistics
32:21 Treadmill Crane
33:01 Leather Archer Armor
33:31 Bodkin Arrow
34:42 Hand Cart
34:37 Thumb Ring
35:57 Parthian Tactics
35:40 Bracer
36:11 Ring Archer Armor
36:33 Conscription
35:42 Cavalier
36:04 Pikeman
37:19 Ring Archer Armor
36:50 Scale Mail Armor
36:57 Scale Barding Armor
37:26 Recurve Bow
37:19 Heavy Cavalry Archer
41:04 Corvinian Army
40:26 Elite Magyar Huszar
44:00 Chemistry
Czeki$
7:53 Loom
9:49 Feudal Age
12:39 Wheelbarrow
16:02 Castle Age
14:22 Double-Bit Axe
15:25 Horse Collar
17:56 Bloodlines
32:07 Imperial Age
29:54 Hand Cart
30:47 Forging
30:42 Scale Barding Armor
30:53 Bow Saw
30:46 Heavy Plow
30:26 Elite Skirmisher
31:14 Thumb Ring
31:12 Town Watch
35:10 Capped Ram
36:24 Farimba
36:46 Conscription
36:51 Chain Barding Armor
37:10 Crop Rotation
37:14 Stone Mining
37:17 Gold Mining
38:33 Chemistry
37:54 Ballistics
37:29 Murder Holes
37:46 Masonry
38:46 Fletching
38:57 Padded Archer Armor
39:33 Plate Barding Armor
39:33 Iron Casting
39:06 Heavy Camel Rider
39:47 Husbandry
42:34 Bodkin Arrow
42:55 Leather Archer Armor
45:22 Ring Archer Armor
44:52 Scale Mail Armor
44:48 Elite Gbeto
45:30 Tigui
46:06 Hoardings
46:06 Architecture
45:16 Treadmill Crane
46:08 Architecture
Connection lost

Rejoining the realm…

Still unreachable

The connection could not be restored.

Session expired

The server has moved on; the page needs a fresh start.